 Dungeon Crawl Stone Soup version 0.25-a0-797-g0023389 (webtiles) character file.

Game seed: 6547305082367099060, levelgen mode: deterministic

402 BlueFish the Magician (level 6, -1/44 HPs)
             Began as a Mummy Wizard on Apr 18, 2020.
             Slain by a gnoll
             ... wielding a +0 club
              (7 damage)
             ... on level 4 of the Dungeon.
             The game lasted 00:09:42 (4376 turns).

BlueFish the Magician (Mummy Wizard)                Turns: 4376, Time: 00:09:43

Health: -1/44      AC:  5    Str: 13    XL:     6   Next: 55%
Magic:  11/16      EV: 12    Int: 20    God:
Gold:   201        SH:  0    Dex: 10    Spells: 9/19 levels left

rFire    x . .     SeeInvis .   h - +1 short sword (elec)
rCold    + . .     Gourm    .   (no shield)
rNeg     + + +     Faith    .   a - +0 robe
rPois    ∞         Spirit   .   b - +0 hat
rElec    .         Reflect  .   g - scarf {repulsion}
rCorr    .         Harm     .   f - +1 pair of gloves
MR       .....                  m - +0 pair of boots
Stlth    ++........             (no amulet)
HPRegen  0.14/turn              j - +3 ring of strength
MPRegen  0.15/turn              (no ring)

@: repel missiles
A: no food or potions, fire vulnerability, cold resistance 1, negative energy
resistance 3, torment resistance, unbreathing
a: no special abilities


You were on level 4 of the Dungeon.
You were not hungry.

You visited 1 branch of the dungeon, and saw 4 of its levels.

You collected 201 gold pieces.

Inventory:

Hand Weapons
 h - a +1 short sword of electrocution (weapon)
 n - a +4 spear of venom
Armour
 a - a +0 robe (worn)
 b - a +0 hat (worn)
 d - the +3 scale mail of Xyudunar {rN+++ rCorr Int+2 Stlth-}
   (You took it off a goblin on level 4 of the Dungeon)

   It affects your intelligence (+2).
   It renders you almost immune to negative energy.
   It provides partial protection from all sources of acid and corrosion.
   It makes you less stealthy.
 f - a +1 pair of gloves (worn)
 g - a scarf of repulsion (worn)
 m - a +0 pair of boots (worn)
Jewellery
 j - a +3 ring of strength (left hand)
Scrolls
 c - 2 scrolls of teleportation
 e - a scroll of identify
 i - a scroll of noise
 k - a scroll of remove curse
 l - a scroll of immolation
 o - a scroll of magic mapping


   Skills:
 * Level 2.2 Fighting
 + Level 1.2 Short Blades
 * Level 2.3 Dodging
 * Level 2.4 Stealth
 * Level 7.0 Spellcasting
 + Level 1.3 Conjurations
 + Level 1.0 Summonings
 + Level 0.7 Translocations
 + Level 0.3 Poison Magic


You had 9 spell levels left.
You knew the following spells:

 Your Spells              Type           Power        Failure   Level  Hunger
a - Magic Dart            Conj           ##..         5%          1    N/A
b - Blink                 Tloc           N/A          11%         2    N/A
c - Call Imp              Summ           ##......     10%         2    N/A
d - Slow                  Hex            #.......     14%         2    N/A
e - Mephitic Cloud        Conj/Pois/Air  #.......     22%         3    N/A

Your spell library contained the following spells:

 Spells                   Type           Power        Failure   Level  Hunger
 Conjure Flame            Conj/Fire      #.......     22%         3    N/A

Dungeon Overview and Level Annotations

Branches:
Dungeon (4/15)
 Temple: D:4-7

Altars:


Innate Abilities, Weirdness & Mutations

You do not eat or drink.
Your flesh is vulnerable to fire.
You are immune to poison.
Your flesh is cold resistant. (rC+)
You are immune to negative energy. (rN+++)
You are immune to unholy pain and torment.
You can survive without breathing.


Message History

Aiming: Mephitic Cloud (mildly dangerous; 22% risk of failure)
Press: ? - help, Shift-Dir - straight line, f - gnoll
Aim: a gnoll, wielding a +0 club (lightly wounded)
Okay, then.
Casting: Mephitic Cloud (mildly dangerous; 22% risk of failure)
Confirm with . or Enter, or press ? or * to list all spells.
You blink.
The gnoll completely misses you.
Casting: Blink (safe; 11% risk of failure)
Confirm with . or Enter, or press ? or * to list all spells.
Aiming: Mephitic Cloud (mildly dangerous; 22% risk of failure)
Press: ? - help, Shift-Dir - straight line, f - gnoll
Aim: a gnoll, wielding a +0 club (lightly wounded)
The ball explodes into a vile cloud!
The stinking cloud engulfs the gnoll but does no damage.
The gnoll is lightly wounded.
The stinking cloud engulfs you but does no damage.
The stinking cloud engulfs the iguana but does no damage.
The gnoll is engulfed in noxious fumes.
The gnoll appears confused.
The gnoll hits you with a +0 club!
You die...

#.# #.#
#.####
#.##..
#.##>#
#.##.#
#.##.#
#.##.#
#.##@#
#)##g#
#.##l#
#.##.#
#.##.######
#..).....l..
####........
######... ..


You could see an iguana and a gnoll (confused).

Vanquished Creatures
  An ogre (D:4)
  A scorpion (D:4)
  A hound (D:4)
  Natasha (twice) (D:4)
  Robin (D:4)
  6 gnolls
  An adder (D:4)
  2 oozes
  2 worms (D:2)
  2 leopard geckos
  6 orcs (D:3)
  8 bats
  3 giant cockroaches
  15 goblins
  10 hobgoblins
  3 quokkas
  2 frilled lizards
  7 kobolds
  A quokka skeleton (D:4)
  2 rats (D:1)
76 creatures vanquished.

Vanquished Creatures (collateral kills)
  Natasha (D:4)
  An adder (D:2)
  2 hobgoblins (D:1)
  3 jackals (D:2)
  A kobold (D:2)
  A frilled lizard (D:2)
9 creatures vanquished.

Grand Total: 85 creatures vanquished

Notes
Turn   | Place    | Note
-------+----------+-------------------------------------------
     0 | D:1      | BlueFish the Mummy Wizard began the quest for the Orb.
     0 | D:1      | Reached XP level 1. HP: 13/13 MP: 5/5
   411 | D:1      | Reached XP level 2. HP: 19/19 MP: 4/7
   417 | D:1      | Learned a level 2 spell: Blink
   420 | D:1      | Learned a level 2 spell: Call Imp
   423 | D:1      | Learned a level 2 spell: Slow
  1088 | D:1      | Reached skill level 1 in Fighting
  1297 | D:1      | Reached XP level 3. HP: 26/26 MP: 6/9
  1302 | D:1      | Learned a level 3 spell: Mephitic Cloud
  1868 | D:2      | Reached skill level 1 in Conjurations
  2068 | D:2      | Reached skill level 5 in Spellcasting
  2890 | D:3      | Reached XP level 4. HP: 32/32 MP: 2/11
  3659 | D:4      | Noticed an ogre
  3744 | D:4      | Noticed Natasha
  3762 | D:4      | Killed Natasha
  3762 | D:4      | Reached XP level 5. HP: 31/37 MP: 4/13
  3833 | D:4      | Identified the +3 scale mail of Xyudunar {rN+++ rCorr Int+2
                  | Stlth-}
  3835 | D:4      | Noticed Robin
  3863 | D:4      | Noticed Natasha
  3867 | D:4      | Killed Robin
  3872 | D:4      | Killed Natasha
  3872 | D:4      | Reached skill level 6 in Spellcasting
  4093 | D:4      | Killed an ogre
  4093 | D:4      | Reached skill level 1 in Summonings
  4093 | D:4      | Reached XP level 6. HP: 40/44 MP: 9/15
  4137 | D:4      | Noticed Natasha
  4143 | D:4      | Killed Natasha
  4357 | D:4      | Reached skill level 1 in Short Blades
  4364 | D:4      | Reached skill level 7 in Spellcasting
  4376 | D:4      | Slain by a gnoll

Levels and vault maps discovered:
D:1:      dpeg_arrival_rooms_with_view, layout_loops_corners
D:2:      layout_basic
D:3:      layout_basic
D:4:      layout_loops_ring, uniq_sigmund, uniq_natasha, uniq_robin

Skill      XL: |  1  2  3  4  5  6 |
---------------+-------------------+-----
Fighting       | 1 2 |  2.2
Stealth        | 2 |  2.4
Conjurations   | 1 |  1.3
Spellcasting   | 5 6 7 |  7.0
Dodging        | 2 |  2.3
Summonings     | 1 |  1.0
Short Blades   | 1 |  1.2
Translocations | |  0.7
Poison Magic   | |  0.3

Action                   |  1- 3 |  4- 6 || total
-------------------------+-------+-------++-------
Melee: Short sword       |    54 |    70 ||   124
 Cast: Magic Dart        |   111 |    38 ||   149
       Call Imp          |    10 |     3 ||    13
       Mephitic Cloud    |       |     6 ||     6
       Blink             |       |     1 ||     1
  Use: Scroll            |     8 |     1 ||     9
 Stab: Sleeping          |       |     2 ||     2
Armor: Robe              |    21 |    10 ||    31
Dodge: Dodged            |    38 |    38 ||    76
       Repelled          |     7 |       ||     7

Table legend:
 A = Non-vault XP
 B = Vault XP
 C = Vault XP percentage of total XP
 D = Non-vault monster count
 E = Vault monster count
 F = Vault count percentage of total count
                 A         B        C        D         E       F
            +---------+---------+-------+---------+---------+-------
      Total |     521 |      54 |   9.4 |      70 |      15 |  17.6
            +---------+---------+-------+---------+---------+-------
        D:1 |      39 |       2 |   4.9 |      21 |       2 |   8.7
        D:2 |      41 |       0 |   0.0 |      18 |       0 |   0.0
        D:3 |      89 |       0 |   0.0 |      19 |       0 |   0.0
        D:4 |     352 |      52 |  12.9 |      12 |      13 |  52.0
            +---------+---------+-------+---------+---------+-------
